 Dungeon Crawl Stone Soup version 0.31.0-1-g2c135a0 (webtiles) character file.

Game seed: 173195071974269950

47 jagoly the Trooper (level 3, -3/24 HPs)
             Began as a Gargoyle Monk on Feb 1, 2024.
             Slain by a ribbon worm (6 damage)
             ... on level 3 of the Dungeon.
             The game lasted 00:04:12 (675 turns).

jagoly the Trooper (Gargoyle Monk)                   Turns: 675, Time: 00:04:12

Health: -3/24      AC: 13    Str: 16    XL:     3   Next: 70%
Magic:  3/3        EV:  5    Int: 10    God:
Gold:   141        SH:  0    Dex: 12    Spells: 2/2 levels left

rFire   . . .        a - +0 hand axe
rCold   . . .        d - orb {light}
rNeg    + . .        g - +0 plate armour
rPois   ∞            (no helmet)
rElec   +            (no cloak)
rCorr   .            (no gloves)
SInv    .            (no boots)
Will    .....        (no amulet) Stlth
                     (no ring)
HPRegen 0.24/turn    (no ring)
MPRegen 0.08/turn

%: no passive effects
@: glowing
A: sickness immunity, AC +3, negative energy resistance 1, electricity
resistance, torment resistance 1, petrification resistance
a: no special abilities


You were on level 3 of the Dungeon.
You visited 1 branch of the dungeon, and saw 3 of its levels.

You collected 141 gold pieces.

Inventory:

Hand Weapons
 a - a +0 hand axe (weapon)
 j - a +0 spear
Missiles
 i - 6 poisoned darts (quivered)
 k - 18 stones
 o - 6 boomerangs
 r - 4 javelins
Armour
 b - a +0 robe
 d - an orb of light (worn)
 g - a +0 plate armour (worn)
Scrolls
 f - a scroll of identify {unknown}
 l - a scroll of vulnerability {unknown}
 n - a scroll of poison {unknown}
 q - a scroll of immolation {unknown}
Potions
 c - a potion of ambrosia
 e - 2 potions of invisibility {unknown}
 h - 2 potions of cancellation {unknown}
 m - 2 potions of heal wounds {unknown}
 p - 2 potions of brilliance {unknown}


   Skills:
 + Level 3.6 Fighting
 * Level 3.3 Axes
 + Level 1.1 Armour
 + Level 2.6 Dodging
 - Level 1.0 Stealth


You had 2 spell levels left.
You didn't know any spells.
Your spell library was empty.

Dungeon Overview and Level Annotations

Branches:
Dungeon (3/15) Zot: 17312

Altars:
Vehumet

Shops:
D:2 [(


Innate Abilities, Weirdness & Mutations

You are immune to sickness and miasma.
Your stone body is resilient. (AC +3)
You are immune to poison.
You resist negative energy. (rN+)
You are resistant to electric shocks. (rElec)
You are resistant to unholy torment.
You are immune to petrification.


Message History

If you return without finding the Orb of Zot, so far below, it's all over!
Press ? for a list of commands and other information.
Found a staircase leading out of the dungeon.
As you open the door, it creaks loudly!
There is an open door here.
You open the door.
There is an open door here.
You open the door.
Found 2 fizzy inky potions.
There is an open door here.
e - 2 fizzy inky potions You open the gate.
Found a scroll labelled XIETRI JEK TEACU.
There is an open gate here.
Found a stone staircase leading down.
f - a scroll labelled XIETRI JEK TEACU
There is a stone staircase leading down here.
You climb downwards.
Found a plate armour.
Found Aclayluu's Antique Armour Shop.
Found an escape hatch in the ceiling.
Found a stone staircase leading up.
There is a stone staircase leading up here.
An endoplasm comes into view.
The endoplasm quivers.
There is an entrance to Aclayluu's Antique Armour Shop here.
Found 13 gold pieces.
You see here a +0 plate armour.
You hit the endoplasm.
The endoplasm is severely wounded.
The endoplasm freezes you.
You are frozen.
You hit the endoplasm.
You kill the endoplasm!
No target in view!
No target in view!
There is an entrance to Aclayluu's Antique Armour Shop here.
You see here a +0 plate armour.
Okay, then.
You start removing your armour.
You continue taking off your +0 robe. x4
You finish taking off your +0 robe.
You start putting on your armour.
You continue putting on your +0 plate armour. x5
You finish putting on your +0 plate armour.
There is an entrance to Aclayluu's Antique Armour Shop here.
You can access your shopping list by pressing '$'.
Found an escape hatch in the ceiling.
There is an escape hatch in the ceiling here.
There is a stone staircase leading up here.
You climb upwards.
The kobold shouts!
The giant cockroach bites you but does no damage.
Found a fizzy green potion.
There is a stone staircase leading down here.
You barely miss the giant cockroach.
The giant cockroach completely misses you.
The giant cockroach barely misses you.
You hit the giant cockroach but do no damage.
The giant cockroach bites you but does no damage.
You hit the kobold but do no damage. You hit the giant cockroach.
The giant cockroach bites you but does no damage.
The kobold hits you but does no damage.
You hit the giant cockroach but do no damage.
The giant cockroach is lightly wounded.
You hit the kobold.
You kill the kobold!
The giant cockroach bites you but does no damage. x2
You barely miss the giant cockroach.
The giant cockroach is lightly wounded.
The giant cockroach barely misses you.
You hit the giant cockroach.
The giant cockroach is moderately wounded.
The giant cockroach bites you but does no damage.
You barely miss the giant cockroach.
The giant cockroach is moderately wounded.
The giant cockroach bites you but does no damage. x2
You hit the giant cockroach.
You kill the giant cockroach!
No target in view!
h - a fizzy green potion
There is a stone staircase leading down here.
Things that are here:
a +0 dagger; a kobold corpse
There is a stone staircase leading down here.
You climb downwards.
There is a stone staircase leading up here.
There is an escape hatch in the ceiling here.
Unknown command.
Unknown command.
Unknown command.
Unknown command.
There is an escape hatch in the ceiling here.
A quokka comes into view.
Found a club.
The quokka bites you but does no damage.
You see here 13 gold pieces.
You now have 13 gold pieces.
The quokka bites you. The quokka completely misses you.
You hit the quokka.
The quokka is almost dead.
The quokka bites you but does no damage.
You hit the quokka.
You kill the quokka!
No target in view!
No target in view!
Found a club and a falchion.
Found Seozito's Weapon Emporium.
You see here a quokka corpse.
A bat comes into view.
Found a club.
The bat moves out of view.
Found 6 poisoned darts.
Found a stone staircase leading down.
The bat hits you but does no damage.
You closely miss the bat. The bat hits you but does no damage.
The bat hits you but does no damage. x2
You closely miss the bat. The bat hits you but does no damage. x2
You barely miss the bat. The bat hits you but does no damage.
You hit the bat but do no damage. The bat hits you but does no damage.
The bat closely misses you. The bat hits you but does no damage.
You hit the bat.
The bat is moderately wounded.
The bat hits you but does no damage. x2
You closely miss the bat.
The bat is moderately wounded.
The bat hits you but does no damage. x2
You hit the bat.
You kill the bat!
No target in view!
You see here 6 poisoned darts.
i - 6 poisoned darts
There is an entrance to Seozito's Weapon Emporium here.
You see here a -3 falchion.
Found a blade talisman.
Found a stone staircase leading up.
A quokka comes into view.
There is a stone staircase leading up here.
You climb upwards.
Found 7 gold pieces.
There is a stone staircase leading down here.
A giant cockroach comes into view.
Found a spear, 9 stones and a hand axe.
A rat comes into view.
The giant cockroach waves its antennae.
A goblin comes into view. It is wielding a +0 dagger.
The goblin shouts!
The rat barely misses you.
You see here 7 gold pieces.
You barely miss the rat. The rat bites you but does no damage.
You barely miss the giant cockroach. You hit the rat but do no damage.
The giant cockroach bites you but does no damage.
The rat bites you but does no damage. The rat barely misses you.
The giant cockroach bites you but does no damage.
You barely miss the giant cockroach. You hit the rat.
You kill the rat!
The giant cockroach bites you but does no damage.
You barely miss the giant cockroach.
The giant cockroach bites you but does no damage.
You barely miss the giant cockroach. You hit the goblin.
You kill the goblin!
The giant cockroach bites you but does no damage. x2
You have reached level 2!
You hit the giant cockroach.
The giant cockroach is almost dead.
The giant cockroach barely misses you.
You hit the giant cockroach.
You kill the giant cockroach!
No target in view!
You now have 20 gold pieces (gained 7).
Found 10 gold pieces.
You see here a +0 spear.
j - a +0 spear You now have 30 gold pieces (gained 10).
A bat comes into view.
You see here 9 stones.
k - 9 stones You hit the bat.
The bat is moderately wounded.
The bat hits you but does no damage. x2
You hit the bat.
You kill the bat!
No target in view!
You see here a bat corpse.
A quokka comes into view.
Found 4 gold pieces.
The quokka bites you but does no damage.
Found a robe.
The quokka barely misses you. The quokka bites you.
You hit the quokka.
The quokka is severely wounded.
The quokka barely misses you.
You hit the quokka.
You kill the quokka!
No target in view!
No target in view!
Found a scroll labelled CEOGEU OGAUSCH.
You now have 34 gold pieces (gained 4).
l - a scroll labelled CEOGEU OGAUSCH A quokka comes into view.
A kobold and a bat come into view.
The kobold shouts!
You hear an angry hiss.
A goblin comes into view. It is wielding a +0 club.
The bat moves out of view.
The goblin shouts!
The quokka bites you but does no damage.
The kobold hits you but does no damage.
You hit the kobold.
You kill the kobold!
You closely miss the quokka. The bat hits you but does no damage.
The quokka bites you but does no damage.
A ball python comes into view.
The bat hits you but does no damage. The quokka bites you.
You hit the bat.
The bat is moderately wounded.
You hit the quokka. The bat hits you but does no damage. x2
The quokka bites you but does no damage.
You barely miss the bat.
The bat is moderately wounded.
You hit the quokka. The bat hits you but does no damage.
The quokka bites you but does no damage.
You hit the quokka.
The quokka is severely wounded.
You barely miss the goblin. You hit the bat but do no damage.
The bat hits you but does no damage.
The quokka bites you but does no damage.
The goblin hits you but does no damage. The bat hits you but does no damage.
The quokka barely misses you. The goblin hits you with a +0 club.
You hit the quokka.
You kill the quokka!
You completely miss the bat. You hit the goblin.
The bat hits you but does no damage. The goblin barely misses you.
Your Axes skill increases to level 3!
You barely miss the goblin.
The goblin is moderately wounded.
You barely miss the bat. The bat hits you but does no damage.
The goblin hits you but does no damage. The bat completely misses you.
You hit the goblin.
You kill the goblin!
You hit the bat.
You kill the bat!
You hit the ball python.
The ball python bites you but does no damage.
The ball python grabs you. The ball python constricts you.
You barely miss the ball python.
The ball python is moderately wounded.
The ball python bites you but does no damage.
The ball python constricts you.
The ball python bites you but does no damage.
The ball python constricts you.
You hit the ball python.
You kill the ball python!
No target in view!
No target in view!
You see here a ball python corpse.
Found a robe and 19 gold pieces.
A ball python comes into view.
The ball python hisses angrily.
You see here 19 gold pieces.
You hit the ball python.
You kill the ball python!
Training target 1.0 for Stealth reached!
Your Stealth skill increases to level 1!
No target in view!
No target in view!
You now have 53 gold pieces (gained 19).
Found 12 gold pieces.
You now have 65 gold pieces (gained 12).
Found a short sword.
A hobgoblin comes into view.
The hobgoblin shouts!
Found 15 gold pieces.
The hobgoblin barely misses you.
You barely miss the hobgoblin.
The hobgoblin hits you but does no damage.
You hit the hobgoblin.
The hobgoblin is almost dead.
The hobgoblin hits you.
You hit the hobgoblin but do no damage.
The hobgoblin is almost dead.
The hobgoblin hits you but does no damage.
You hit the hobgoblin.
You kill the hobgoblin!
No target in view!
You now have 80 gold pieces (gained 15).
Found 2 pink potions.
A goblin comes into view. It is wielding a +0 club.
The goblin shouts!
The goblin moves out of view.
The goblin barely misses you.
You see here 2 pink potions.
The goblin hits you but does no damage.
A ball python comes into view.
You barely miss the ball python. You hit the goblin.
You kill the goblin!
The ball python bites you. The ball python grabs you.
The ball python constricts you.
You hit the ball python.
The ball python is severely wounded.
The ball python bites you but does no damage.
The ball python constricts you.
The ball python bites you but does no damage.
The ball python constricts you.
You hit the ball python.
You kill the ball python!
No target in view!
No target in view!
m - 2 pink potions
Found 7 gold pieces.
Found a ring mail.
You now have 87 gold pieces (gained 7).
Found a dagger.
You see here a +0 dagger.
Unknown command.
Press: ? - help, v - describe, . - travel The floor.
This square is lit by a halo.
Found a ring mail.
There is a stone staircase leading down here.
You climb downwards.
There is a stone staircase leading up here.
An endoplasm comes into view.
The endoplasm quivers.
The endoplasm hits you.
You hit the endoplasm.
You kill the endoplasm!
You have reached level 3!
Your experience leads to an increase in your attributes!
Increase (S)trength, (I)ntelligence, or (D)exterity?
You feel stronger. x2
Found 5 gold pieces.
Found a stone staircase leading down.
You now have 92 gold pieces (gained 5).
Found a fizzy green potion.
h - 2 fizzy green potions (gained 1)
Found a scroll labelled ZUINIPN MADOBO.
Found 10 gold pieces.
You now have 102 gold pieces (gained 10).
n - a scroll labelled ZUINIPN MADOBO A ball python comes into view.
The ball python hisses angrily.
You hear a shout!
A ball python is nearby!
A kobold comes into view. It is wielding a +0 club.
You slash the ball python!
You kill the ball python!
The kobold barely misses you.
You see here a ball python corpse.
You barely miss the kobold. The kobold completely misses you.
The kobold hits you with a +0 club.
You slash the kobold!
You kill the kobold!
No target in view!
No target in view!
You now have 122 gold pieces (gained 20).
k - 10 stones (gained 1)
You see here a +0 club.
A ribbon worm comes into view.
Found 6 boomerangs.
The ribbon worm bites you but does no damage.
You hit the ribbon worm.
The ribbon worm is moderately wounded.
The ribbon worm bites you.
You slash the ribbon worm!
The ribbon worm is severely wounded.
The ribbon worm expels a string of sticky webbing.
The stream of webbing hits you but does no damage.
You are caught in a web!
The web tears apart.
You hit the ribbon worm.
The ribbon worm is almost dead.
The ribbon worm bites you but does no damage.
You slash the ribbon worm!
You kill the ribbon worm!
No target in view!
No target in view!
You see here 6 boomerangs.
o - 6 boomerangs A bat comes into view.
You completely miss the bat. The bat hits you but does no damage.
The bat hits you but does no damage. x2
You closely miss the bat. The bat hits you but does no damage.
The bat hits you but does no damage. The bat completely misses you.
You hit the bat.
The bat is heavily wounded.
The bat barely misses you. The bat hits you but does no damage.
The bat hits you but does no damage.
You hit the bat.
You kill the bat!
Your Armour skill increases to level 1!
No target in view! 4 jackals come into view.
The jackal barks! x3
There are monsters nearby!
You hit the jackal.
The jackal is almost dead.
The jackal bites you.
You hit the jackal.
You kill the jackal!
You hit the jackal but do no damage. You hit the jackal but do no damage.
You hit the jackal.
The jackal bites you but does no damage.
The jackal closely misses you.
The jackal bites you but does no damage.
The jackal barely misses you.
You barely miss the jackal.
The jackal is severely wounded.
You hit the jackal but do no damage.
The jackal bites you but does no damage.
A dart slug comes into view.
The jackal bites you.
You hit the jackal.
You kill the jackal!
You hit the jackal.
The jackal is almost dead.
The jackal bites you.
The jackal bites you but does no damage.
You hit the jackal.
You kill the jackal!
You hit the jackal.
The jackal is almost dead.
The jackal bites you but does no damage.
The jackal bites you.
You hit the jackal but do no damage.
The jackal is almost dead.
The jackal bites you but does no damage.
You hit the jackal.
You kill the jackal!
You hit the dart slug but do no damage. You hit the dart slug.
The dart slug is heavily wounded.
The dart slug bites you but does no damage.
You hit the dart slug.
You kill the dart slug!
No target in view!
No target in view!
Things that are here:
a jackal corpse; a jackal corpse
Found 2 ruby potions.
p - 2 ruby potions
Found 19 gold pieces.
HP restored.
Found a chain mail.
Found a scroll labelled TIUGEUVOCKI.
Found a club.
You now have 141 gold pieces (gained 19).
q - a scroll labelled TIUGEUVOCKI
Found 4 javelins.
You see here a +0 chain mail.
You see here 4 javelins.
r - 4 javelins
There is a stone staircase leading down here.
You climb downwards.
Found 8 stones.
There is a stone staircase leading up here.
An adder comes into view.
Found a radiant altar of Vehumet.
The adder hisses angrily.
You see here 8 stones.
k - 18 stones (gained 8)
A ribbon worm comes into view.
The ribbon worm bites you.
You hit the ribbon worm.
The ribbon worm is lightly wounded.
You hit the plant.
The plant begins to die.
The ribbon worm bites you but does no damage.
You closely miss the adder. You hit the ribbon worm. You hit the plant.
The adder bites you but does no damage. x2
The ribbon worm bites you but does no damage.
You slash the adder!
The adder is almost dead.
You hit the ribbon worm. You hit the plant.
The adder bites you but does no damage.
The ribbon worm expels a string of sticky webbing.
The stream of webbing hits you but does no damage.
You are caught in a web!
The web tears apart.
A nearby plant withers and dies.
The adder barely misses you. x2
You closely miss the adder.
The adder is almost dead.
You hit the ribbon worm. The ribbon worm bites you!
The adder bites you but does no damage.
You hit the adder.
You kill the adder!
You hit the ribbon worm but do no damage.
The ribbon worm expels a string of sticky webbing.
The stream of webbing hits you but does no damage.
You are caught in a web!
The web tears apart.
The ribbon worm bites you.
* * * LOW HITPOINT WARNING * * *
You hit the ribbon worm.
The ribbon worm is heavily wounded.
The ribbon worm bites you.
* * * LOW HITPOINT WARNING * * *
You hit the ribbon worm.
The ribbon worm is severely wounded.
The ribbon worm bites you but does no damage.
You hit the ribbon worm.
The ribbon worm is severely wounded.
The ribbon worm bites you.
* * * LOW HITPOINT WARNING * * *
Cleave: a) +0 hand axe
Press: ? - help, Dir - move target, f - ribbon worm
Aim: a ribbon worm (severely wounded, haloed, about 3% to evade your +0 hand axe)
You hit the ribbon worm.
The ribbon worm is severely wounded.
The ribbon worm bites you.
You die...

##### #...# #...#
#####.<.###########.
............†@w......
...####..PPP..._..PPP
.....................
#####.........###..#
#.....##### ..
....#... . ####.#.###
###.# .#


You could see a ribbon worm.

Vanquished Creatures
  An adder (D:3)
  A dart slug (D:2)
  A ribbon worm (D:2)
  2 endoplasms (D:2)
  2 giant cockroaches (D:1)
  3 goblins (D:1)
  A hobgoblin (D:1)
  4 jackals (D:2)
  3 quokkas
  4 ball pythons
  4 bats
  3 kobolds
  A rat (D:1)
30 creatures vanquished.

Notes
Turn   | Place    | Note
-------+----------+-------------------------------------------
     0 | D:1      | jagoly the Gargoyle Monk began the quest for the Orb.
     0 | D:1      | Reached XP level 1. HP: 14/14 MP: 1/1
    40 | D:2      | Found Aclayluu's Antique Armour Shop.
   100 | D:2      | Found Seozito's Weapon Emporium.
   155 | D:1      | Reached XP level 2. HP: 19/19 MP: 2/2
   240 | D:1      | Reached skill level 1 in Stealth
   446 | D:2      | Reached XP level 3. HP: 22/23 MP: 3/3
   566 | D:2      | Reached skill level 1 in Armour
   657 | D:3      | Found a radiant altar of Vehumet.
   675 | D:3      | Slain by a ribbon worm

Illustrated notes

Levels and vault maps discovered:
D:1:      scummos_arrival_gate, layout_basic
D:2:      layout_loops_cross, serial_shops, shop_statue, nicolae_shop_scrapyard
D:3:      layout_basic, mainiacjoe_overflow_boulevard, lightli_temple_of_fire,
          dreamdust_ecumenical_altar_drowned_temple, uniq_natasha, uniq_grinder,
          uniq_sigmund

Skill      XL: |  1  2  3 |
---------------+----------+-----
Axes           | 3 |  3.3
Stealth        | 1 |  1.0
Armour         | 1 |  1.1
Fighting       | |  3.6
Dodging        | |  2.6

Action                     || total
---------------------------++-------
  Melee: Hand axe          ||    81
 Armour: Plate armour      ||   102
  Dodge: Dodged            ||    23
